[Event "*** Titled Tuesday Blitz"]
[Site "Chess.com"]
[Date "2020.05.05"]
[Round "2"]
[White "Misticpikachu"]
[Black "Tsyhanchuk_Stanislav"]
[Result "0-1"]
[WhiteElo "2301"]
[BlackElo "2588"]
[TimeControl "180+1"]
[EndTime "10:18:47 PDT"]
[Termination "Tsyhanchuk_Stanislav won by checkmate"]

1. c4 Nf6 2. Nc3 g6 3. e4 Bg7 4. d4 d6 5. h3 O-O 6. Be3 c5 7. Nf3 cxd4 8. Nxd4 Nc6 9. Be2 Bd7 10. O-O Rc8 11.
Qc2 a6 12. a3 Re8 13. Rad1 Ne5 14. Qb3 Qc7 15. Nd5 Qb8 16. Nb6 Nxe4 17. Nf3 Rcd8 18.
Nxe5 Bxe5 19. Bf3 Nf6 20. c5 Be6 21. Nc4 dxc5 22. Qc2 Bc7 23. Bxc5 Rc8 24. Be3 Bxc4 25. Rfe1 b5 26. Qc3 Bh2+ 27. Kh1 Be5 28. Qc1 Be2 29. Qd2 Bxd1 30. Bxd1 Qd6 31. Qe2 Nd5 32. Bb3 Nxe3 33. Qxe3 Bxb2 34. Qf3 Bf6 35. g4 Rc3 36. Qd1 Qxd1 37. Bxd1 Rc1 38. Kg2 Rd8 39. g5 Bxg5 40. f4 Bxf4 41. Kf3 e5 42. Re4 Rdxd1 43.
a4 bxa4 44. Rxa4 Rc6 45. h4 Rd3+ 46. Kf2 Rc2+ 47. Ke1 Bg3+ 48. Kf1 Rd1# 0-1

[Event "*** Titled Tuesday Blitz"]
[Site "Chess.com"]
[Date "2020.05.05"]
[Round "2"]
[White "S-Fazulyanov"]
[Black "hansen"]
[Result "0-1"]
[WhiteElo "2575"]
[BlackElo "2952"]
[TimeControl "180+1"]
[EndTime "10:18:48 PDT"]
[Termination "hansen won on time"]

1. e4 c5 2. Nf3 e6 3. c4 a6 4.
Nc3 Qc7 5. Be2 Nc6 6. O-O Nf6 7. Rb1 Bd6 8. h3 O-O 9. d4 Nxd4 10. Nxd4 cxd4 11. Qxd4 Be5 12. Qd3 d6 13. Bd2 Nd7 14. b4 b6 15. f4 Bf6 16. Rfd1 Rb8 17. Be3 Be7 18. Bd4 Rd8 19. Qg3 Bf6 20. Kh1 Bb7 21. Bxf6 Nxf6 22. Bd3 Rbc8 23. Qe3 g6 24. Na4 Nd7 25. Bf1 Bc6 26. Nc3 Ba8 27. Rbc1 Nf6 28.
f5 Qe7 29. fxe6 Qxe6 30. Qxb6 Nxe4 31. Nxe4 Bxe4 32. Rc3 Rb8 33. Qa5 Qf6 34. b5 axb5 35. cxb5 d5 36. Re3 Rdc8 37. Qa6 Qf4 38. Qa7 Ra8 39. Qd4 Rxa2 40. b6 Rb8 41. Rd2 Qxf1+ 42. Kh2 Rxd2 43. Qxd2 Qf4+ 44. g3 Qf6 45. b7 Rxb7 46.
Qa2 Rb2+ 0-1

[Event "*** Titled Tuesday Blitz"]
[Site "Chess.com"]
[Date "2020.05.05"]
[Round "2"]
[White "farzadbfd"]
[Black "davigator"]
[Result "1-0"]
[WhiteElo "2656"]
[BlackElo "2322"]
[TimeControl "180+1"]
[EndTime "10:18:48 PDT"]
[Termination "farzadbfd won by checkmate"]

1. e4 c5 2. Nc3 Nc6 3. g3 g6 4. Bg2 Bg7 5. d3 d6 6. Be3 Nf6 7. h3 O-O 8. Nge2 Rb8 9. O-O Bd7 10.
Qd2 Re8 11. Bh6 Bh8 12. Nd1 b5 13. f4 b4 14. Ne3 Nd4 15. g4 Bb5 16. Ng3 a5 17. f5 Nd7 18. fxg6 hxg6 19. Rf2 Ne5 20. Raf1 a4 21. b3 Ra8 22. Nd5 axb3 23. axb3 Ra2 24. Qg5 f6 25. Qc1 Kh7 26. Bf4 Bg7 27. g5 Rf8 28.
Be3 fxg5 29. Rxf8 Bxf8 30. Bxd4 cxd4 31. Nxb4 Ra7 32. Qxg5 Bh6 33. Qh4 Kg7 34. Nd5 Qe8 35. Ne2 Bc6 36. Ndf4 g5 37. Ne6+ Kg6 38. Qf2 Bd7 39.
Qf5+ Kh5 40. Bf3+ Kh4 41. Bg4 Qf7 42. N2xd4 Bxe6 43. Qxe6 Qxe6 44. Nxe6 Kg3 45. Nd4 Ra2 46. Nf5# 1-0

[Event "*** Titled Tuesday Blitz"]
[Site "Chess.com"]
[Date "2020.05.05"]
[Round "2"]
[White "QueenOfTactics90"]
[Black "fabianvivasz"]
[Result "0-1"]
[WhiteElo "2000"]
[BlackElo "2362"]
[TimeControl "180+1"]
[EndTime "10:18:48 PDT"]
[Termination "fabianvivasz won on time"]

1. e4 e5 2. Nf3 Nc6 3. d4 exd4 4. Nxd4 Nf6 5. Nc3 Bb4 6. Nxc6 bxc6 7. Bd3 d5 8. exd5 O-O 9. O-O Bg4 10. f3 Bh5 11.
dxc6 Qd4+ 12. Kh1 Bxc3 13. bxc3 Qxc3 14. Rb1 Qxc6 15. Bb5 Qc5 16. Qd3 Rfd8 17. Ba3 Rxd3 18. Bxc5 Rc3 19. Bd4 Rxc2 20. a4 a6 21. Bxa6 h6 22. Bd3 Rd2 23. Bxf6 Rxd3 24. Be5 Rxa4 25. Bxc7 Ra2 26. Bf4 g5 27. Rb8+ Kh7 28. Be5 Rxf3 29. Rh8+ Kg6 30. Rg8+ Kf5 31. gxf3 Kxe5 32. Re8+ Kf5 33.
Rc8 Ra4 34. Kg2 Kf4 35. Rc3 f5 36. Rf2 Bf7 37. h3 Bd5 38. Rd3 Bc6 39. Rfd2 Ke5 0-1

[Event "*** Titled Tuesday Blitz"]
[Site "Chess.com"]
[Date "2020.05.05"]
[Round "2"]
[White "letsgoband"]
[Black "Unknown_IM"]
[Result "0-1"]
[WhiteElo "2279"]
[BlackElo "2522"]
[TimeControl "180+1"]
[EndTime "10:18:49 PDT"]
[Termination "Unknown_IM won by resignation"]

1. e4 e5 2. Nf3 Nc6 3. Bb5 a6 4.
Ba4 Nge7 5. c3 g6 6. O-O Bg7 7. d4 exd4 8. cxd4 b5 9. Bc2 O-O 10. Re1 d6 11. Nc3 Bg4 12. Be3 Bxf3 13. gxf3 Qd7 14.
Bb3 Na5 15. Bc2 Nc4 16. b3 Nxe3 17. Rxe3 Nc6 18. Ne2 Nb4 19. Rb1 Rac8 20. a3 Nxc2 21. Qxc2 c5 22. dxc5 dxc5 23. Rd1 Qc7 24. Nc3 Qe5 25.
Nd5 Bh6 26. Rc3 Qg5+ 27. Kh1 Bg7 28. Rxc5 Rxc5 29. Qxc5 Qh4 30. Kg2 Qg5+ 31. Kf1 Qh4 32. Qc7 Qh3+ 33. Ke2 h5 34. Ne7+ Kh7 35. Rd8 Qe6 36. Nd5 Rxd8 37. Qxd8 Qe5 38. Qc7 Qb2+ 39. Kf1 Kg8 40. Qd8+ Kh7 41. Qe8 Qc1+ 42. Kg2 Qg5+ 43. Kh3 f5 44. Ne7 fxe4 45. Qg8+ Kh6 46. Qf7 exf3 47.
Ng8+ Kh7 48. Qxf3 Kxg8 0-1

[Event "*** Titled Tuesday Blitz"]
[Site "Chess.com"]
[Date "2020.05.05"]
[Round "2"]
[White "Malysch"]
[Black "Bastiandash"]
[Result "1-0"]
[WhiteElo "2384"]
[BlackElo "2089"]
[TimeControl "180+1"]
[EndTime "10:18:49 PDT"]
[Termination "Malysch won on time"]

1. d4 Nf6 2. c4 e6 3. g3 Bb4+ 4. Nd2 O-O 5. Bg2 Re8 6. Nf3 Bf8 7.
O-O d6 8. e4 Nbd7 9. Qc2 e5 10.
d5 a5 11. Ne1 Nc5 12. b3 g6 13. a3 Bg7 14. Rb1 Nh5 15. b4 axb4 16. axb4 Nd7 17.
Nd3 Rf8 18. c5 f5 19. Nc4 fxe4 20. Bxe4 Nhf6 21. Bg2 Qe7 22. Re1 b6 23. c6 Nb8 24. b5 Bf5 25. Ba3 Qf7 26. Qd2 Ng4 27.
Rf1 Ra4 28. Bb4 e4 29. Nf4 Ne5 30. Nxe5 Bxe5 31. Bc3 e3 32. Qxe3 Bxc3 33. Qxc3 Bxb1 34. Rxb1 Qf6 35. Qxf6 Rxf6 36. Re1 Kf7 37. Bh3 Ra5 38. Bf1 h6 39. h4 Ra7 40. Ne6 Ke7 41. Nxc7+ Kf7 42.
Ne6 1-0

[Event "*** Titled Tuesday Blitz"]
[Site "Chess.com"]
[Date "2020.05.05"]
[Round "2"]
[White "Astaneh"]
[Black "BillieKimbah"]
[Result "0-1"]
[WhiteElo "2556"]
[BlackElo "2866"]
[TimeControl "180+1"]
[EndTime "10:18:50 PDT"]
[Termination "BillieKimbah won by resignation"]

1. d4 Nf6 2. Nf3 g6 3. g3 Bg7 4. Bg2 O-O 5. O-O d6 6. Re1 Nbd7 7. Nc3 e5 8. e4 c6 9. a4 Qc7 10. h3 b6 11. Be3 a6 12. Qd2 Bb7 13. Rad1 Rad8 14.
dxe5 dxe5 15. Qd6 Qc8 16. a5 b5 17. Nxe5 Nxe5 18. Qxe5 Nd5 19. Qg5 Nxc3 20. bxc3 Bxc3 21. Bb6 f6 22. Qe3 Bxe1 23. Rxe1 Rde8 24. c4 Rf7 25. Rc1 Qe6 26. cxb5 cxb5 27. f3 f5 28. Kh2 fxe4 29. f4 Rd7 30. Rf1 Rd3 31. Qe2 Qd5 32. Re1 Rd2 33. Qe3 Qd3 34. Kg1 Qxe3+ 35. Rxe3 Rd3 36. Re1 Bd5 37. g4 b4 38. Bf1 Rg3+ 39. Kh2 Ra3 40.
Bxa6 Ra2+ 41. Kg1 b3 42. Bb5 Rc8 43. Bd4 b2 44. Rb1 Rc1+ 0-1

[Event "*** Titled Tuesday Blitz"]
[Site "Chess.com"]
[Date "2020.05.05"]
[Round "2"]
[White "Undisputed92"]
[Black "Sanan_Sjugirov"]
[Result "1-0"]
[WhiteElo "2585"]
[BlackElo "2850"]
[TimeControl "180+1"]
[EndTime "10:18:50 PDT"]
[Termination "Undisputed92 won on time"]

1. e4 c5 2. Nf3 d6 3. d4 cxd4 4. Nxd4 Nf6 5. Nc3 a6 6. h3 e5 7. Nb3 Be6 8. Be3 Be7 9. Qf3 O-O 10. O-O-O b5 11. g4 b4 12. Nd5 Nxd5 13. exd5 Bc8 14. Nd2 a5 15. Bd3 Ba6 16. Ne4 a4 17. Kb1 Nd7 18.
Bxa6 Rxa6 19. Qe2 Qa5 20. g5 Raa8 21. Rhg1 Rfc8 22. Qg4 Qc7 23. Rd2 Kh8 24. h4 Nb6 25. h5 Nc4 26. Re2 b3 27. cxb3 axb3 28. a3 Qa5 29.
Bc1 Qxd5 30. Qf3 Nb6 31. g6 fxg6 32. hxg6 h6 33. Bxh6 gxh6 34. g7+ Kg8 35. Rd2 Qe6 36. Rxd6 Qf7 37. Rf6 Qc4 38. Nc3 1-0

[Event "*** Titled Tuesday Blitz"]
[Site "Chess.com"]
[Date "2020.05.05"]
[Round "2"]
[White "ntmh281"]
[Black "Stewie_89"]
[Result "0-1"]
[WhiteElo "2291"]
[BlackElo "2624"]
[TimeControl "180+1"]
[EndTime "10:18:50 PDT"]
[Termination "Stewie_89 won on time"]

1. d4 d5 2. Bf4 Nf6 3. e3 c5 4. Nf3 Nc6 5. c3 Qb6 6. Qc2 cxd4 7. exd4 Bg4 8. Nbd2 e6 9. Ne5 Nxe5 10. dxe5 Nd7 11.
Qb3 Bc5 12. f3 Bf2+ 13. Kd1 Bf5 14. Bb5 O-O-O 15. Bxd7+ Rxd7 16. Rf1 Rhd8 17. Ke2 Bc5 18. Qxb6 Bxb6 19. Nb3 d4 20. cxd4 Bxd4 21. Rfc1+ Kb8 22. Nxd4 Rxd4 23. Be3 R4d5 24. f4 Be4 25. g3 h5 26.
Rc3 Rd3 27. Rac1 Rxc3 28. Rxc3 b6 29. Bd2 Bf5 30. Re3 Kb7 31. Bb4 Bg4+ 32. Kf2 Rd1 33. Re1 Rd4 34. Bf8 Rd2+ 35. Ke3 Rxb2 36. a3 Rxh2 37.
Bxg7 Rg2 38. Kd4 Rxg3 39. Re3 Rg1 40. Bf6 Bf5 41. Rc3 Rd1+ 42. Ke3 Rh1 43. Kf2 h4 44. Re3 h3 45. Kg3 Rg1+ 0-1

[Event "*** Titled Tuesday Blitz"]
[Site "Chess.com"]
[Date "2020.05.05"]
[Round "2"]
[White "ninullia"]
[Black "GMNeiksans"]
[Result "0-1"]
[WhiteElo "2423"]
[BlackElo "2776"]
[TimeControl "180+1"]
[EndTime "10:18:50 PDT"]
[Termination "GMNeiksans won on time"]

1. d4 f5 2. Nc3 Nf6 3. Bg5 d5 4. Bxf6 exf6 5. e3 Be6 6. Bd3 Qd7 7. Nge2 c6 8. h3 h5 9. h4 Bd6 10. Nf4 Bf7 11. Qf3 g6 12. O-O-O Qc7 13. Qe2 Nd7 14. g3 O-O-O 15. Kb1 Kb8 16. Na4 Nb6 17. Nxb6 axb6 18. c4 Rhe8 19. Rc1 Qe7 20. Rhd1 Rh8 21. Ng2 dxc4 22.
Bxc4 Bxc4 23. Qxc4 Qe4+ 24. Ka1 Qxg2 25. d5 c5 26. Rd3 Qe4 27. Qb5 Qb4 28. Qxb4 cxb4 29. b3 Bc5 30. Kb2 Rd7 31. Rcd1 Rhd8 32. Kc2 Kc7 33. Kb2 Kd6 34. Kc2 Ke7 35. Kb2 Kf7 36.
R1d2 g5 37. Rd1 Kg6 38. R1d2 Rd6 39. Rd1 f4 40. R1d2 fxe3 41. fxe3 Re8 42. Re2 Re5 43.
e4 Rd7 44. Kc2 Rde7 45. d6 Rd7 46. Red2 Re6 47. Rd5 Rexd6 48. hxg5 Rxd5 49. exd5 fxg5 0-1

[Event "*** Titled Tuesday Blitz"]
[Site "Chess.com"]
[Date "2020.05.05"]
[Round "2"]
[White "almatyonelove"]
[Black "ChronicUnhappiness"]
[Result "1/2-1/2"]
[WhiteElo "2579"]
[BlackElo "2309"]
[TimeControl "180+1"]
[EndTime "10:18:50 PDT"]
[Termination "Game drawn by stalemate"]

1. d4 d5 2. c4 e6 3. Nf3 Nf6 4. Nc3 Bb4 5. Bg5 h6 6. Bxf6 Qxf6 7. e3 O-O 8. Qb3 c5 9. cxd5 exd5 10. dxc5 Nc6 11. Rd1 Bg4 12. Be2 d4 13. Nxd4 Nxd4 14. Rxd4 Bxe2 15. Kxe2 Bxc5 16. Rd5 Bb6 17. Rhd1 Qh4 18.
h3 Rae8 19. R1d3 Re6 20. Na4 Rf6 21. f3 Qg3 22. Kf1 Rg6 23. Rd2 Qh2 24. Rf2 Qh1+ 25. Ke2 Rxg2 26. Nxb6 Rxf2+ 27. Kxf2 Qh2+ 28. Ke1 axb6 29. Qd3 Qxh3 30. e4 Rc8 31. Rd8+ Rxd8 32. Qxd8+ Kh7 33.
Qxb6 Qxf3 34. Qxb7 h5 35. Qe7 Qe3+ 36. Kd1 Qd3+ 37.
Kc1 Qc4+ 38. Kd2 Qd4+ 39. Kc2 Qc4+ 40. Kd2 Qd4+ 41. Ke2 Qxb2+ 42. Kf3 Qxa2 43. Qg5 g6 44. Qd8 Qe6 45. Qf8 Qg4+ 46. Ke3 Qe6 47. Kf4 h4 48.
Kg5 Qe5+ 49. Kxh4 Qxe4+ 50. Kg5 Qf5+ 51. Kh4 g5+ 52. Kg3 g4 53. Kg2 Qf3+ 54. Kg1 g3 55. Qh6+ Kxh6 1/2-1/2

[Event "*** Titled Tuesday Blitz"]
[Site "Chess.com"]
[Date "2020.05.05"]
[Round "2"]
[White "Diego_FloresQ"]
[Black "maxsergej"]
[Result "1-0"]
[WhiteElo "2393"]
[BlackElo "2131"]
[TimeControl "180+1"]
[EndTime "10:18:51 PDT"]
[Termination "Diego_FloresQ won on time"]

1. e4 c5 2. Nf3 Nc6 3. d4 cxd4 4.
Nxd4 g6 5. c4 Bg7 6. Be3 Nf6 7.
Nc3 d6 8. Be2 O-O 9. f3 Bd7 10.
O-O a5 11. Ndb5 Rc8 12. Rc1 Ne5 13. b3 Bxb5 14. Nxb5 Nc6 15. Qd2 Nd7 16. Nc3 Nc5 17. Nd5 Ra8 18. Rfd1 Nb4 19. Nc3 Nc6 20. Rb1 Re8 21.
a3 Ne6 22. Nb5 Qc8 23. Bf1 Ne5 24. Nc3 a4 25. Nd5 Nd7 26. b4 Kf8 27. Rbc1 Qd8 28. Qf2 h5 29. Be2 Nc7 30. Bf1 Nxd5 31. cxd5 Qb8 32. Bb5 Rd8 33. Qc2 Ne5 34. Bd4 Kg8 35. Kf1 Rc8 36. Qxc8+ Qxc8 37. Rxc8+ Rxc8 38. Bxa4 Ra8 39.
Bb5 Rxa3 40. Ra1 Rxa1+ 41. Bxa1 Kf8 42. Bd4 h4 43. Ke2 g5 44. g3 hxg3 45. hxg3 1-0

[Event "*** Titled Tuesday Blitz"]
[Site "Chess.com"]
[Date "2020.05.05"]
[Round "2"]
[White "karinachess1"]
[Black "rasmussvane"]
[Result "1-0"]
[WhiteElo "2490"]
[BlackElo "2860"]
[TimeControl "180+1"]
[EndTime "10:18:52 PDT"]
[Termination "karinachess1 won by checkmate"]

1. e4 c6 2. d4 d5 3. exd5 cxd5 4. Nf3 Nf6 5. Ne5 g6 6. Bb5+ Nbd7 7. O-O Bg7 8. Re1 O-O 9. c3 a6 10. Bd3 Nxe5 11. dxe5 Nd7 12. Bf4 Nc5 13. Bc2 Qb6 14. b4 Ne6 15. Bg3 d4 16. cxd4 Nxd4 17. Nc3 Bg4 18. Qb1 Qc6 19. Re3 Bh6 20. Be4 Qc4 21.
Bd5 Qc7 22. Rd3 Bf5 23. Be4 Ne2+ 24. Nxe2 Bxe4 25. Qd1 Bxd3 26. Qxd3 Rfd8 27. Qe4 Qc6 28. Qg4 Qd7 29. Qxd7 Rxd7 30. h4 Rc8 31. Nf4 Rd4 32.
Ne2 Rd2 33. Bf4 Bxf4 34. Nxf4 Rc4 35. g3 h6 36. Re1 e6 37. h5 g5 38. Ng2 Rxb4 39. Rc1 Rxa2 40. Ne3 Kg7 41. Rc8 Rb1+ 42. Kg2 Rbb2 43. Ng4 b5 44. Nf6 b4 45. Rg8# 1-0

[Event "*** Titled Tuesday Blitz"]
[Site "Chess.com"]
[Date "2020.05.05"]
[Round "2"]
[White "ChelsieMonica"]
[Black "Rodalquilar"]
[Result "0-1"]
[WhiteElo "2335"]
[BlackElo "2639"]
[TimeControl "180+1"]
[EndTime "10:18:52 PDT"]
[Termination "Rodalquilar won by checkmate"]

1. c4 e6 2. Nc3 d5 3. cxd5 exd5 4.
Nf3 Nf6 5. e3 Be7 6. b3 b6 7. Bb2 Bb7 8. Bb5+ c6 9. Be2 Nbd7 10.
Rc1 c5 11. O-O O-O 12. d4 Re8 13. Ne5 Bd6 14. Nxd7 Qxd7 15. dxc5 bxc5 16. Bb5 Bc6 17. Bxc6 Qxc6 18. Qf3 Be5 19. Na4 Bxb2 20. Nxb2 Ne4 21. Rfd1 Rad8 22. Nd3 c4 23. Nf4 c3 24. h4 h6 25. Qg4 Re5 26. Nh5 Qg6 27. Qxg6 fxg6 28. Nf4 g5 29. Ne2 Rc8 30. f3 Nf6 31. Kf2 gxh4 32.
Rxc3 Rf8 33. Kg1 Rfe8 34. Rdd3 Rg5 35. Nf4 Rge5 36. Kf2 Kh7 37. Rc7 Rf5 38. g3 hxg3+ 39. Kxg3 Rg5+ 40. Kf2 Rf5 41. Kg2 Rg5+ 42. Kf2 Rf5 43.
Rxa7 h5 44. Rc3 Kh6 45. Rcc7 d4 46. Ng2 Ng4+ 47. Ke2 Nxe3 48. Nxe3 Rxe3+ 49. Kd2 Rfxf3 50. Rxg7 Rf2+ 51. Kd1 Rh3 52. Rh7+ Kg5 53. Rag7+ Kh4 54. Rd7 Rh1# 0-1

[Event "*** Titled Tuesday Blitz"]
[Site "Chess.com"]
[Date "2020.05.05"]
[Round "2"]
[White "EfM13"]
[Black "FROGGY64"]
[Result "0-1"]
[WhiteElo "2218"]
[BlackElo "2458"]
[TimeControl "180+1"]
[EndTime "10:18:52 PDT"]
[Termination "FROGGY64 won by checkmate"]

1. e4 c6 2. d4 d5 3. exd5 cxd5 4. Bd3 Nc6 5. c3 Nf6 6. Nf3 Qc7 7. O-O Bg4 8. Bg5 e6 9. Nbd2 Bd6 10. h3 Bh5 11. Re1 Nd7 12. Qb3 O-O 13. Rac1 Bg6 14. Bxg6 hxg6 15. Nf1 a6 16. a4 Na5 17. Qc2 b5 18. Ne3 Rfc8 19. Ng4 b4 20. Qd3 b3 21. Nge5 Nxe5 22. Nxe5 Bxe5 23. dxe5 Nc4 24. Qe2 Qc6 25.
Ra1 a5 26. h4 Nb6 27. Ra3 Nxa4 28. Rxb3 Nc5 29. Ra3 Ne4 30. Bc1 Qc7 31. f3 Ng3 32.
Qf2 Nf5 33. g4 Ne7 34. Be3 Nc6 35. Bb6 Qe7 36. Bc5 Qb7 37. Bd6 Qb5 38. h5 Qd3 39.
hxg6 Qxg6 40. Kg2 a4 41. Rh1 f5 42. exf6 Qxf6 43. Qg3 e5 44. Bc5 e4 45. g5 exf3+ 46.
Kf2 Qf5 47. Qh4 Qc2+ 48. Kg3 Qg2+ 49. Kf4 Rf8+ 50. Bxf8 Rxf8+ 51. Ke3 Qe2# 0-1

[Event "*** Titled Tuesday Blitz"]
[Site "Chess.com"]
[Date "2020.05.05"]
[Round "2"]
[White "FMOlexandrProhorov"]
[Black "MichailovM"]
[Result "0-1"]
[WhiteElo "2048"]
[BlackElo "2369"]
[TimeControl "180+1"]
[EndTime "10:18:52 PDT"]
[Termination "MichailovM won by resignation"]

1. e4 c5 2. c3 g6 3. d4 cxd4 4. cxd4 d5 5. e5 Nc6 6. Nf3 Bg4 7. Nbd2 f6 8. exf6 exf6 9. h3 Bf5 10. Bb5 Bd6 11.
O-O Ne7 12. Re1 O-O 13. Nf1 a6 14. Bd3 Qd7 15. Ng3 Bxd3 16. Qxd3 Bxg3 17. fxg3 Nf5 18.
g4 Nd6 19. Bh6 Rf7 20. g5 Ne4 21. gxf6 Rxf6 22. Ne5 Qe6 23. Ng4 Rf7 24. Re2 Qd6 25.
Rae1 Re8 26. a3 Ree7 27. Be3 Kh8 28. Bf2 h5 29. Nh6 Rxf2 30. Rxf2 Nxf2 31. Rxe7 Nxd3 32.
Nf7+ Kg8 33. Nxd6 Nxe7 34. Nxb7 Nxb2 35. Nc5 a5 36. Kf2 Nc4 37. a4 Nc6 38. Ne6 Kf7 39.
Nc7 Nb4 40. Kf3 Nb2 41. Kf4 Nxa4 42. Ke5 Nc3 43. g4 hxg4 44. hxg4 a4 45. g5 a3 0-1

[Event "*** Titled Tuesday Blitz"]
[Site "Chess.com"]
[Date "2020.05.05"]
[Round "2"]
[White "Antelacus"]
[Black "FMJoseHerrera"]
[Result "0-1"]
[WhiteElo "2306"]
[BlackElo "2596"]
[TimeControl "180+1"]
[EndTime "10:18:54 PDT"]
[Termination "FMJoseHerrera won by resignation"]

1. d4 Nf6 2. c4 c5 3. d5 b5 4. cxb5 a6 5. b6 g6 6. Nc3 Bg7 7. e4 O-O 8. Be2 d6 9. Nf3 Nbd7 10. a4 Qxb6 11. O-O Qb4 12. Nd2 Rb8 13. Qc2 Qb7 14.
Nc4 Qc7 15. a5 Rb4 16. Na4 e6 17. Bd2 exd5 18. Bxb4 cxb4 19. exd5 Nxd5 20. Ne3 Qxc2 21. Nxc2 Nc5 22. Nxc5 dxc5 23. Bc4 Nc7 24. Ne3 Bxb2 25. Rad1 Bd4 26. Nd5 Nxd5 27. Bxd5 Bd7 28. Rfe1 Ba4 29. Rb1 Bc2 30. Rbc1 b3 31. Bc4 Rb8 32. g3 Kg7 33.
Bxa6 Ra8 34. Bc4 Rxa5 35. Kg2 Kf6 36. Kf3 Ra4 37. Bd5 c4 38. h4 c3 39. g4 h6 40. Kg3 Be5+ 41. Kg2 Rxg4+ 42. Kf3 Rxh4 43. Ke3 Bf4+ 44. Kd4 Bxc1+ 45. Kxc3 Bg5 46. Bxb3 Bxb3 47. Kxb3 Rf4 48. Re2 h5 49. Kc2 h4 50. Kd3 h3 51.
Re1 Rxf2 52. Ke4 h2 0-1

[Event "*** Titled Tuesday Blitz"]
[Site "Chess.com"]
[Date "2020.05.05"]
[Round "2"]
[White "Anna_ChessMate"]
[Black "queen_iryna"]
[Result "0-1"]
[WhiteElo "2509"]
[BlackElo "2296"]
[TimeControl "180+1"]
[EndTime "10:18:54 PDT"]
[Termination "queen_iryna won by resignation"]

1. d4 d5 2. c4 c6 3. Nc3 Nf6 4. Nf3 e6 5. Bg5 dxc4 6. e4 h6 7. Bh4 g5 8. Nxg5 hxg5 9. Bxg5 Be7 10. Bxc4 Qa5 11. Bd2 Qh5 12. Qc2 Nbd7 13. Be2 Qg6 14. g3 e5 15. dxe5 Nxe5 16. O-O-O Bg4 17. Bxg4 Nexg4 18. Rdf1 Rxh2 19. Rxh2 Nxh2 20. Rh1 Nhg4 21. f4 O-O-O 22. f5 Qg8 23. Bf4 Qe8 24. Nb5 Rd7 25. Nxa7+ Kd8 26. Kb1 Bd6 27. Bg5 Qe5 28. Rh8+ Kc7 29.
Rc8+ Kb6 30. Ra8 Qxe4 31. Nc8+ Kc7 32. Nxd6 Qxc2+ 33. Kxc2 Kxd6 34. a4 Ke5 35. a5 Kxf5 36. Bf4 Re7 37. a6 bxa6 38. Rxa6 Re6 39. b4 Nd5 40. Bd2 Ne5 41. Ra8 Nc4 42. Bc1 Nce3+ 43. Kb3 Re4 44. Bd2 Nc4 45. Bc1 Ncb6 46. Rf8 Rc4 47. Bd2 Ke6 48. Re8+ Kd7 49. Rf8 f6 50. Rf7+ Ke6 51. Rb7 Rd4 52. Be1 Rd3+ 53. Kc2 Re3 54. Bf2 Re2+ 55. Kd3 Rxf2 56. Ke4 Re2+ 57. Kf3 Re3+ 58. Kg4 Re4+ 59. Kh5 Rxb4 60. g4 Ke5 61. Rg7 Kd4 62. Kg6 c5 63. Kf5 c4 64. Rh7 c3 65. Rh1 Kd3 66. Rc1 c2 0-1

[Event "*** Titled Tuesday Blitz"]
[Site "Chess.com"]
[Date "2020.05.05"]
[Round "2"]
[White "konradrutkowski"]
[Black "ShahMatKanal"]
[Result "1-0"]
[WhiteElo "2184"]
[BlackElo "2399"]
[TimeControl "180+1"]
[EndTime "10:18:54 PDT"]
[Termination "konradrutkowski won by checkmate"]

1. e4 c5 2. Nf3 d6 3. d4 Nf6 4. Nc3 cxd4 5. Nxd4 a6 6. Bc4 e6 7. Bb3 Be7 8. g4 h6 9. Be3 b5 10. a3 Bb7 11. f3 Qc8 12. Rg1 g5 13. Qd2 Nc6 14.
h4 Na5 15. hxg5 hxg5 16. Bxg5 Nc4 17. Bxc4 Qxc4 18. O-O-O O-O-O 19. Nb3 Qc7 20. Qf4 Ng8 21. Bxe7 Qxe7 22. g5 Rh7 23. Rg2 Qc7 24. Rgd2 Rg7 25. Rxd6 Rxd6 26. Rxd6 Ne7 27. e5 Nf5 28. Rd3 Rh7 29.
Kb1 Rh4 30. Qd2 Qxe5 31. Rd8+ Kc7 32. Qd7+ Kb6 33. a4 Rh1+ 34. Ka2 bxa4 35. Nxa4+ Ka7 36. Nac5 Qd5 37. Qxd5 Bxd5 38. Rd7+ Kb6 39. Rxf7 a5 40. Na4+ Kb5 41. Nc3+ Kc4 42. Rc7+ Kb4 43. Nxd5+ exd5 44. Rc5 a4 45. c3# 1-0

[Event "*** Titled Tuesday Blitz"]
[Site "Chess.com"]
[Date "2020.05.05"]
[Round "2"]
[White "MilanovicDan"]
[Black "ChessQueen"]
[Result "0-1"]
[WhiteElo "2478"]
[BlackElo "2704"]
[TimeControl "180+1"]
[EndTime "10:18:55 PDT"]
[Termination "ChessQueen won by resignation"]

1. d4 Nf6 2. c4 e6 3. Nc3 Bb4 4. e3 b6 5. Bd3 Bb7 6. Ne2 Bxg2 7. Rg1 Bf3 8. Qc2 g6 9. Bd2 Nc6 10. Rg3 Bxe2 11. Bxe2 Bf8 12. O-O-O Bg7 13. h4 Qe7 14. f4 h5 15. Be1 a5 16. Kb1 Nb4 17.
Qa4 O-O 18. e4 d5 19. e5 Ne4 20. Nxe4 dxe4 21. a3 Nd3 22. Bxd3 exd3 23. Rgxd3 Rfd8 24. Qc6 Qd7 25. Qxd7 Rxd7 26. d5 Rad8 27. Kc2 Bf8 28. b4 axb4 29. axb4 exd5 30. cxd5 Ra8 31. Kb3 Be7 32.
Bg3 b5 33. e6 fxe6 34. dxe6 Rxd3+ 35. Rxd3 Bd6 36. f5 gxf5 37. Bxd6 cxd6 38. Rxd6 Re8 39. Kc3 Kg7 40. Kd4 Kf6 41. Kd5 f4 42. Rd7 Rxe6 43. Rd8 Kf5 44. Rg8 Re1 45. Rg5+ Kf6 46. Rxh5 f3 47. Rh6+ Kg7 48. Rh5 f2 49. Rg5+ Kh6 0-1

[Event "*** Titled Tuesday Blitz"]
[Site "Chess.com"]
[Date "2020.05.05"]
[Round "2"]
[White "stanyga"]
[Black "woodhy"]
[Result "0-1"]
[WhiteElo "2685"]
[BlackElo "2397"]
[TimeControl "180+1"]
[EndTime "10:18:55 PDT"]
[Termination "woodhy won on time"]

1. e4 e6 2. d4 d5 3. e5 c5 4. c3 Nc6 5. Nf3 Qb6 6. a3 c4 7. Nbd2 Bd7 8. Be2 Nge7 9. O-O Na5 10. Re1 Nec6 11. Rb1 Be7 12. Qc2 Nb3 13. Nxb3 cxb3 14. Qd1 Na5 15. Bf4 Bb5 16. Nd2 Bxe2 17. Qxe2 Rc8 18.
Qg4 g6 19. Re3 h5 20. Qd1 g5 21.
Rh3 gxf4 22. Rxh5 Kd7 23. Rxh8 Rxh8 24. Qg4 Qd8 25. Qxf4 Qg8 26. Nf3 Qg6 27. Re1 Nc4 28. Qc1 Rg8 29. g3 Qd3 30. Kg2 a5 31. a4 Rg4 32. h4 Re4 33. h5 Rxe1 34. Nxe1 Qe4+ 35. Nf3 Bf8 36. h6 Nb6 37. Qd1 Qc2 38. Qh1 Qh7 39. Ng5 Qxh6 0-1

[Event "*** Titled Tuesday Blitz"]
[Site "Chess.com"]
[Date "2020.05.05"]
[Round "2"]
[White "aa175"]
[Black "talaicito"]
[Result "1/2-1/2"]
[WhiteElo "2412"]
[BlackElo "2189"]
[TimeControl "180+1"]
[EndTime "10:18:55 PDT"]
[Termination "Game drawn by stalemate"]

1. d4 e6 2. Nf3 f5 3. Bf4 Nf6 4.
e3 g6 5. Bd3 Bg7 6. Nbd2 O-O 7.
h3 d6 8. g4 Nc6 9. gxf5 exf5 10. h4 Nh5 11. Bg5 Qe8 12. Qe2 f4 13. c3 fxe3 14.
Bxe3 Bg4 15. Rg1 Qd7 16. Bc4+ d5 17. Bxd5+ Qxd5 18. Rxg4 Rae8 19. O-O-O Qxa2 20. Ne5 Qa1+ 21. Nb1 Bxe5 22. dxe5 Nxe5 23. Rg5 Ng7 24. h5 Nf3 25. Qc4+ Kh8 26. hxg6 Nxg5 27. Bxg5 Rxf2 28. Qb5 c6 29. Qxb7 hxg6 30. Rh1+ Nh5 31. Qb3 c5 32. c4 a5 33.
Qc3+ Kg8 34. Bh6 Re7 35. Be3 Rf3 36. Re1 Nf4 37. Qc2 Rfxe3 38. Rxe3 Rxe3 39. Qd2 Nd3+ 40. Kc2 Qxb2+ 41. Kd1 Re1+ 42. Qxe1 Qxb1+ 43. Kd2 Qxe1+ 44. Kc2 Qb4 45. Kd1 Qxc4 46. Ke2 Ne5+ 47. Ke3 Qd4+ 48.
Ke2 g5 49. Kf1 g4 50. Kg2 Qe3 51. Kf1 Qf3+ 52. Kg1 g3 1/2-1/2

[Event "*** Titled Tuesday Blitz"]
[Site "Chess.com"]
[Date "2020.05.05"]
[Round "2"]
[White "pooh2012"]
[Black "Zurability"]
[Result "0-1"]
[WhiteElo "2477"]
[BlackElo "2694"]
[TimeControl "180+1"]
[EndTime "10:18:56 PDT"]
[Termination "Zurability won by resignation"]

1. e4 e5 2. Nf3 Nc6 3. Bc4 Nf6 4. d3 Bc5 5. O-O d6 6. c3 a6 7. a4 Ba7 8. h3 O-O 9. Bg5 Kh8 10. Re1 Qe7 11.
Nbd2 Nd8 12. d4 Ne6 13. Be3 Nd7 14. Bd3 Qf6 15. d5 Nf4 16. Bf1 Bxe3 17. fxe3 Nh5 18.
g4 Ng3 19. Bg2 Nc5 20. Qc2 Qg6 21.
Nh4 Qh6 22. Nf5 Nxf5 23. exf5 g6 24. b4 Nd7 25. e4 gxf5 26. exf5 Nf6 27. Ne4 Nxe4 28.
Qxe4 Rg8 29. Kh2 Qg5 30. Re2 Bd7 31. Bf3 Rg7 32. Qd3 Rag8 33. Raa2 Qf4+ 34. Kh1 Rg5 35. Rg2 h5 36. gxh5 Bxf5 37. Qf1 Qh4 38. Rxg5 Rxg5 39. Bg2 Kg7 40. Rf2 Be4 41. Bxe4 Qxe4+ 42. Rg2 Rxg2 43. Qxg2+ Qxg2+ 44. Kxg2 Kh6 45. Kg3 Kxh5 46. h4 f5 47. Kf3 Kxh4 48. c4 Kg5 49. c5 e4+ 50. Ke3 Kf6 51. a5 dxc5 52. bxc5 Ke5 53. c6 bxc6 54. dxc6 f4+ 55. Ke2 Kd5 0-1